 Dungeon Crawl Stone Soup version 0.30-a0-1116-gebefce21f7 (webtiles) character file.

Game seed: 16315277474731481897

29 cforsyth the Caller (level 2, -6/20 HPs)
             Began as a Demigod Summoner on Apr 21, 2023.
             Engulfed by a cloud of flame (26 damage)
             ... on level 1 of the Dungeon.
             The game lasted 00:01:44 (1632 turns).

cforsyth the Caller (Demigod Summoner)              Turns: 1632, Time: 00:01:45

Health: -6/20      AC:  3    Str:  9    XL:     2   Next: 81%
Magic:  7/7        EV: 27    Int: 17    God:
Gold:   53         SH:  0    Dex: 14    Spells: 2/5 levels left

rFire   . . .      SeeInvis .    (no weapon)
rCold   . . .      Faith    .    (no shield)
rNeg    . . .      Spirit   .    a - +0 robe
rPois   .          Reflect  .    h - +0 helmet
rElec   .          Rampage  .    (no cloak)
rCorr   .                        (no gloves)
Will    .....                    (no boots)
Stlth   ++                       c - amulet of the acrobat
HPRegen 0.23/turn                (no ring)
MPRegen 0.10/turn                (no ring)

@: acrobatic
A: high MP 1, forlorn, divine attributes
a: no special abilities


You were on level 1 of the Dungeon.
You visited 1 branch of the dungeon, and saw 1 of its levels.

You collected 53 gold pieces.

Inventory:

Armour
 a - a +0 robe (worn)
 h - a +0 helmet (worn)
Jewellery
 c - an amulet of the acrobat (around neck)
 g - an amulet of reflection
Scrolls
 d - a scroll of teleportation {unknown}
Potions
 b - a potion of magic
 e - a potion of mutation {unknown}
 f - a potion of haste {unknown}
 i - a potion of heal wounds {unknown}


   Skills:
 - Level 1.7 Dodging
 - Level 1.7 Stealth
 + Level 2.4 Spellcasting
 + Level 4.1 Summonings


You had 2 spell levels left.
You knew the following spells:

 Your Spells              Type           Power      Damage    Failure   Level
a - Summon Small Mammal   Summ           64%        N/A       3%          1
b - Call Imp              Summ           32%        N/A       5%          2

Your spell library contained the following spells:

 Spells                   Type           Power      Damage    Failure   Level
 Call Canine Familiar     Summ           16%        N/A       11%         3
 Summon Guardian Golem    Hex/Summ       9%         N/A       24%         3
 Summon Lightning Spire   Summ/Air       9%         N/A       61%         4


Dungeon Overview and Level Annotations

Branches:
Dungeon (1/15)


Innate Abilities, Weirdness & Mutations

You have an increased reservoir of magic. (+10% MP)
You shall have no god before yourself.
Your divine heritage dramatically boosts your attributes as you level up.


Message History

You hit the kobold but do no damage.
Your cerulean imp barely misses the kobold.
The kobold closely misses you.
You hit the kobold but do no damage.
Your cerulean imp barely misses the kobold.
The kobold closely misses you.
You barely miss the kobold.
Your cerulean imp hits the kobold from afar with a -3 spear.
The kobold barely misses you.
You hit the kobold but do no damage.
The kobold is severely wounded.
Your cerulean imp hits the kobold from afar with a -3 spear.
The kobold dies!
No target in view!
No target in view!
No target in view!
No target in view!
No target in view!
Your cerulean imp disappears in a puff of smoke!
Things that are here:
a +0 club; a kobold corpse Key pressed, stopping explore.
You see here a +0 club.
Key pressed, stopping explore.
Partly explored, can't reach some items.
Partly explored, can't reach some items.
Unknown command.
Partly explored, can't reach some items.
Partly explored, can't reach some items.
Partly explored, can't reach some items.
Partly explored, can't reach some items.
Partly explored, can't reach some items.
(D) Dungeon
Where to? (? - help)
Okay, then.
Unknown command.
Really walk into a travel-excluded area?
You are engulfed in blazing flames.
Ouch! That really hurt!
You die...

.......# #.# #§§§# #.........
.......###.#####...#####.####.#..
............§☼○.....§§°..# #.#..
.......###..○§§..$$.§☼§..# #.#..
.......###..°☼§..$$.☼§☼..# ###..
...........#####...#####.# #..
..##.##.#### #.§.# #)# #..
...........# #.§§# #.# #..
##.#..#.#### #@§§# #.# #..
#.#.......#####...#####.######..
##.#.............................
.#######.##......................
.#8.8###.##......................
......##.##...##.#.....######....
......##.##...##.................
...8..##......##.#.....###.##...#
......8#..#..(..................#


There were no monsters in sight!

Vanquished Creatures
  A dart slug (D:1)
  A ball python (D:1)
  A giant cockroach (D:1)
  2 goblins (D:1)
  2 hobgoblins (D:1)
  A kobold (D:1)
  A frilled lizard (D:1)
  A rat (D:1)
10 creatures vanquished.

Vanquished Creatures (collateral kills)
  3 endoplasms (D:1)
  2 goblins (D:1)
  2 hobgoblins (D:1)
  A quokka (D:1)
  3 ball pythons (D:1)
  A frilled lizard (D:1)
  A kobold (D:1)
  A rat (D:1)
14 creatures vanquished.

Grand Total: 24 creatures vanquished

Notes
Turn   | Place    | Note
-------+----------+-------------------------------------------
     0 | D:1      | cforsyth the Demigod Summoner began the quest for the Orb.
     0 | D:1      | Reached XP level 1. HP: 14/14 MP: 5/5
   272 | D:1      | Reached XP level 2. HP: 20/20 MP: 4/7
   663 | D:1      | Reached skill level 4 in Summonings
  1140 | D:1      | Learned a level 2 spell: Call Imp
  1632 | D:1      | Engulfed by a cloud of flame

Illustrated notes

Levels and vault maps discovered:
D:1:      mrwooster_arrival_statue_2, layout_basic,
          shapermc_ecumenical_altar_mp_vishouse, lemuel_flame_loot_1

Skill      XL: |  1  2 |
---------------+-------+-----
Spellcasting   | 2 |  2.4
Summonings     | 4 |  4.1
Dodging        | |  1.7
Stealth        | |  1.7

Action                     || total
---------------------------++-------
  Melee: Unarmed           ||   133
         Punch             ||     3
   Cast: Summon Small Mamm ||    23
         Call Imp          ||     4
   Stab: Distracted        ||     2
         Sleeping          ||     3
 Armour: Robe              ||    15
  Dodge: Dodged            ||    75

Table legend: (Time is in decaauts)
 A = Elapsed time spent in this place.
 B = Non-inter-level travel time spent in this place.
 C = Inter-level travel time spent in this place.
 D = Time resting spent in this place.
 E = Time spent auto-exploring this place.
 F = Levels seen in this place.
 G = Mean time per level.
                   A        B        C        D        E       F      G
               +--------+--------+--------+--------+--------+-----+--------+
         Total |   1632 |   1632 |      0 |    147 |   1179 |   1 | 1632.0 |
       Dungeon |   1632 |   1632 |      0 |    147 |   1179 |   1 | 1632.0 |
               +--------+--------+--------+--------+--------+-----+--------+

Top non-repeatable levels by time:
     D:1: 1632 daAuts
